[Event "Titled Tuesday Blitz July 4 Early 2023"]
[White "Eynullayev, Atilla"]
[Black "Vovk, Orest"]
[WhiteFideId "13413570"]
[BlackFideId "14113490"]
[WhiteElo "2470"]
[BlackElo "2596"]
[Result "1-0"]
[Round "5"]
[TimeControl "180+2"]
[Date "2023.07.04"]
[WhiteClock "0:00:07"]
[BlackClock "0:00:00"]
[Board "105"]

1. e4 g5 2. d4 g4 3. Nc3 Bg7 4. Bc4 d6 5. Be3 c6 6. Qd2 h5 7. f4 gxf3 8. Nxf3 Qa5 9. O-O-O b5 10. Bb3 Nh6 11. h3 b4 12. Ne2 Be6 13. d5 cxd5 14. exd5 Bf5 15. Ned4 Nd7 16. Nc6 Qc7 17. Ng1 a5 18. Ba4 Kf8 19. Qf2 Nc5 20. Bxc5 dxc5 21. Nf3 Qf4+ 22. Kb1 c4 23. g3 Qd6 24. Rhe1 b3 25. axb3 cxb3 26. Nfd4 bxc2+ 27. Bxc2 Bxc2+ 28. Qxc2 Bf6 29. Nb5 Qxg3 30. d6 exd6 31. Rf1 Bg7 32. Nc7 Rc8 33. Ne6+ Kg8 34. Nxg7 Qg6 35. Ne7+ Kxg7 36. Qxg6+ fxg6 37. Nxc8 Rxc8 38. Rxd6 Nf5 39. Rd7+ Kh6 40. Rg1 Rc6 41. Ra7 Nd4 42. Rxa5 Nb3 43. Rd5 1-0


[Site "https://www.chess.com"]

[Event "Titled Tuesday Blitz July 4 Early 2023"]
[White "Janaszak, Dawid"]
[Black "Garcia Almaguer, Juan Manuel"]
[WhiteFideId "1119206"]
[BlackFideId "5110491"]
[WhiteElo "2594"]
[BlackElo "2470"]
[Result "1-0"]
[Round "5"]
[TimeControl "180+2"]
[Date "2023.07.04"]
[WhiteClock "0:00:35"]
[BlackClock "0:00:04"]
[Board "106"]

1. e4 e5 2. Nf3 Nc6 3. d4 exd4 4. Nxd4 Nf6 5. Nxc6 bxc6 6. e5 Qe7 7. Qe2 Nd5 8. h4 Qe6 9. a3 a5 10. c4 Nb6 11. g3 Ba6 12. Nd2 d6 13. f4 f5 14. Bg2 O-O-O 15. b3 a4 16. Bxc6 dxe5 17. Bb5 Bb7 18. O-O e4 19. b4 Rd3 20. Kh2 Qg6 21. Rg1 Be7 22. c5 Nd5 23. Bxd3 exd3 24. Qxd3 Nf6 25. Re1 Ng4+ 26. Kg1 Rd8 27. Qb5 Bf6 28. Nf3 Bxf3 29. c6 Bd4+ 30. Be3 Nh2 31. Kxh2 Bxe3 32. Qb7# 1-0


[Site "https://www.chess.com"]

[Event "Titled Tuesday Blitz July 4 Early 2023"]
[White "Moral Garcia, Serafin"]
[Black "Heinemann, Josefine"]
[WhiteFideId "2201925"]
[BlackFideId "12900460"]
[WhiteElo "2592"]
[BlackElo "2460"]
[Result "0-1"]
[Round "5"]
[TimeControl "180+2"]
[Date "2023.07.04"]
[WhiteClock "0:00:00"]
[BlackClock "0:01:58"]
[Board "107"]

1. e4 c6 2. d4 d5 3. exd5 cxd5 4. c4 Nf6 5. Nc3 Nc6 6. Bg5 e6 7. Nf3 Be7 8. c5 O-O 9. Bb5 Ne4 10. Bxe7 Nxe7 11. Qc2 Nxc3 12. Qxc3 Ng6 13. O-O Bd7 14. Bd3 Nf4 15. Rfe1 Qf6 16. Ne5 Bc6 17. b4 a6 18. a4 Qg5 19. Bf1 f6 20. Nxc6 bxc6 21. g3 Rfe8 22. Qc1 Ng6 23. Qxg5 fxg5 24. b5 axb5 25. axb5 cxb5 26. Bxb5 Rxa1 27. Rxa1 Rf8 28. c6 Ne7 0-1


[Site "https://www.chess.com"]

[Event "Titled Tuesday Blitz July 4 Early 2023"]
[White "Sukandar, Irine Kharisma"]
[Black "Gunduz, Umut Erdem"]
[WhiteFideId "7101937"]
[BlackFideId "6381383"]
[WhiteElo "2457"]
[BlackElo "2589"]
[Result "0-1"]
[Round "5"]
[TimeControl "180+2"]
[Date "2023.07.04"]
[WhiteClock "0:00:00"]
[BlackClock "0:00:49"]
[Board "108"]

1. d4 Nf6 2. Bf4 d5 3. e3 c5 4. Nc3 cxd4 5. exd4 a6 6. Nf3 Nc6 7. a3 Bg4 8. Be2 e6 9. O-O Bd6 10. Ne5 Bxe2 11. Nxe2 Bxe5 12. Bxe5 Nxe5 13. dxe5 Nd7 14. Re1 Nxe5 15. Nf4 Nc4 16. b3 Nb6 17. Qg4 O-O 18. Nh5 g6 19. Re3 Nd7 20. Qd4 e5 21. Qxd5 gxh5 22. Rd3 Nf6 23. Qxe5 Qb6 24. Rg3+ Ng4 25. Qxh5 Qxf2+ 26. Kh1 f5 27. Rd1 Rae8 0-1


[Site "https://www.chess.com"]

[Event "Titled Tuesday Blitz July 4 Early 2023"]
[White "Ovchinnikov, Vsevolod"]
[Black "Gomez Barrera, Javiera Belen"]
[WhiteFideId "24176842"]
[BlackFideId "3418723"]
[WhiteElo "2589"]
[BlackElo "2455"]
[Result "1-0"]
[Round "5"]
[TimeControl "180+2"]
[Date "2023.07.04"]
[WhiteClock "0:01:54"]
[BlackClock "0:00:23"]
[Board "109"]

1. d4 d5 2. c4 c6 3. Nf3 Nf6 4. g3 dxc4 5. a4 Bf5 6. Bg2 e6 7. O-O Nbd7 8. Na3 Be7 9. Nxc4 O-O 10. b3 Rc8 11. Bb2 c5 12. Nfe5 Nxe5 13. dxe5 Ne4 14. f3 Ng5 15. e4 Bh3 16. Bxh3 Nxh3+ 17. Kg2 Ng5 18. h4 Qc7 19. hxg5 Bxg5 20. Qd6 Be7 21. Qxc7 Rxc7 22. Rfd1 1-0


[Site "https://www.chess.com"]

[Event "Titled Tuesday Blitz July 4 Early 2023"]
[White "Ezat, Mohamed"]
[Black "Dobre, Claudiu-Cristian"]
[WhiteFideId "10600906"]
[BlackFideId "1211854"]
[WhiteElo "2586"]
[BlackElo "2450"]
[Result "0-1"]
[Round "5"]
[TimeControl "180+2"]
[Date "2023.07.04"]
[WhiteClock "0:00:23"]
[BlackClock "0:00:07"]
[Board "110"]

1. d4 f5 2. Nc3 Nf6 3. Bg5 d5 4. e3 e6 5. Bd3 Be7 6. f3 O-O 7. Nge2 c5 8. Nf4 Nc6 9. Bb5 Qb6 10. Nce2 Qxb5 11. O-O Bd7 12. c3 c4 13. b3 cxb3 14. axb3 a5 15. Nd3 Qb6 16. Ne5 Qc7 17. f4 Be8 18. Ng3 Ne4 19. Nxe4 dxe4 20. h4 h6 21. Bxe7 Nxe7 22. c4 Nc6 23. Rc1 Nxe5 24. fxe5 Qd8 25. Qe1 Bc6 26. Qg3 Qe8 27. Rfd1 Rd8 28. Ra1 b6 29. Rd2 Qh5 30. Rad1 Qf7 31. Qf4 Rd7 32. Qg3 Rfd8 33. Qf4 Qh5 34. Qg3 g5 35. hxg5 hxg5 36. Qf2 Kg7 37. Kf1 Qh1+ 38. Ke2 Qh5+ 39. Ke1 Rh8 40. Re2 Qh4 41. Kd2 Qxf2 42. Rxf2 a4 43. bxa4 Bxa4 44. Rb1 Rb8 45. Kc3 b5 46. Ra2 Rc7 47. c5 Ra8 48. Kb4 Rca7 49. Ra3 Bc2 50. Rba1 Rxa3 51. Rxa3 Rxa3 52. Kxa3 Bd3 53. Kb4 Kf7 54. c6 Ke7 55. Kc5 Kd8 56. d5 exd5 57. e6 b4 58. e7+ Kxe7 59. Kb6 Kd8 60. Kb7 Ba6+ 61. Kxa6 Kc7 62. Kb5 b3 63. Kc5 b2 64. Kxd5 b1=Q 65. Ke5 Qd3 66. Kxf5 Qxe3 67. Kg4 Qf4+ 68. Kh5 Qg3 69. Kg6 Qxg2 70. Kf5 Kxc6 71. Ke5 e3 72. Kd4 e2 73. Kc3 e1=Q+ 74. Kd3 Qge4# 0-1


[Site "https://www.chess.com"]

[Event "Titled Tuesday Blitz July 4 Early 2023"]
[White "Tanaka, Taira Tyler"]
[Black "Manukian, Artak"]
[WhiteFideId "7002351"]
[BlackFideId "13301373"]
[WhiteElo "2581"]
[BlackElo "2449"]
[Result "1-0"]
[Round "5"]
[TimeControl "180+2"]
[Date "2023.07.04"]
[WhiteClock "0:01:36"]
[BlackClock "0:00:46"]
[Board "111"]

1. c4 Nf6 2. Nc3 g6 3. d4 Bg7 4. Nf3 O-O 5. e3 d6 6. Be2 Nbd7 7. O-O e5 8. Qc2 c6 9. Rd1 Qe7 10. b4 a5 11. b5 Re8 12. a4 exd4 13. exd4 Nf8 14. Ba3 Bf5 15. Bd3 Bxd3 16. Qxd3 Qd7 17. Re1 Rxe1+ 18. Rxe1 Ne6 19. g3 h5 20. h4 Ng4 21. d5 Nc5 22. Bxc5 dxc5 23. Ne4 cxd5 24. cxd5 b6 25. d6 Re8 26. Qd5 Ne5 27. Nxe5 Rxe5 28. Qc6 Qd8 29. Qc7 Qa8 30. d7 Rd5 31. Qc8+ 1-0


[Site "https://www.chess.com"]

[Event "Titled Tuesday Blitz July 4 Early 2023"]
[White "Nefedov, Sergey"]
[Black "Begunov, Konstantin"]
[WhiteFideId "24113417"]
[BlackFideId "4118510"]
[WhiteElo "2581"]
[BlackElo "2448"]
[Result "0-1"]
[Round "5"]
[TimeControl "180+2"]
[Date "2023.07.04"]
[WhiteClock "0:00:00"]
[BlackClock "0:00:15"]
[Board "112"]

1. e4 c5 2. d4 cxd4 3. Qxd4 Nc6 4. Qd3 Nf6 5. Nf3 d6 6. Nc3 Bg4 7. Be2 e6 8. Bf4 a6 9. O-O-O Qb6 10. Be3 Qc7 11. h3 Bxf3 12. Bxf3 Ne5 13. Qe2 Nxf3 14. Qxf3 Be7 15. Rd2 O-O 16. Rhd1 Rfd8 17. g4 b5 18. Bf4 b4 19. Na4 Qc6 20. b3 Qxe4 21. Qg3 e5 22. Bg5 Qc6 23. Bxf6 Bxf6 24. g5 Be7 25. Rd5 Rdc8 26. R1d2 Rab8 27. Nb2 Rb5 28. R5d3 e4 29. Re3 Bxg5 30. Nc4 Bxe3 31. Nxe3 Rc5 32. Qg4 d5 33. Kd1 g6 34. Nf5 Qe6 35. Nh6+ Kg7 36. Qh4 e3 0-1


[Site "https://www.chess.com"]

[Event "Titled Tuesday Blitz July 4 Early 2023"]
[White "Goncalves, Davi Sulzbacher"]
[Black "Becerra, Juan David"]
[WhiteFideId "2154510"]
[BlackFideId "4404998"]
[WhiteElo "2441"]
[BlackElo "2580"]
[Result "1-0"]
[Round "5"]
[TimeControl "180+2"]
[Date "2023.07.04"]
[WhiteClock "0:00:17"]
[BlackClock "0:00:27"]
[Board "113"]

1. Nf3 d5 2. c4 e6 3. d4 c6 4. e3 Nf6 5. Qc2 Nbd7 6. Bd3 dxc4 7. Bxc4 Bd6 8. e4 e5 9. O-O O-O 10. Rd1 Qe7 11. Bg5 h6 12. Bh4 exd4 13. Rxd4 Bc5 14. Rd2 Qxe4 15. Bd3 Qb4 16. a3 Qb6 17. Nc3 Qc7 18. Bg3 Qd8 19. Bf5 a5 20. Rad1 Qe8 21. Re2 Qd8 22. Ne5 Ba7 23. Red2 Re8 24. Nxd7 Bxd7 25. Bxd7 Nxd7 26. h3 Re7 27. Bh4 f6 28. Qf5 Qb6 29. Rxd7 Rxd7 30. Rxd7 Qxb2 31. Qg6 Qc1+ 32. Kh2 Qf4+ 33. Bg3 Qg5 34. Rxg7+ Kf8 35. Qf7# 1-0


[Site "https://www.chess.com"]

[Event "Titled Tuesday Blitz July 4 Early 2023"]
[White "Frolyanov, Dmitry"]
[Black "Itkis, Boris"]
[WhiteFideId "4151976"]
[BlackFideId "1209167"]
[WhiteElo "2578"]
[BlackElo "2441"]
[Result "0-1"]
[Round "5"]
[TimeControl "180+2"]
[Date "2023.07.04"]
[WhiteClock "0:00:01"]
[BlackClock "0:00:11"]
[Board "114"]

1. d4 d5 2. c4 e6 3. Nf3 Nf6 4. Nc3 Be7 5. Bf4 O-O 6. e3 Nbd7 7. Bd3 dxc4 8. Bxc4 a6 9. O-O b5 10. Bd3 Bb7 11. Qc2 c5 12. Ne4 Rc8 13. Nd6 Bxd6 14. Bxd6 cxd4 15. Qe2 Re8 16. exd4 h6 17. Rad1 Qb6 18. Be5 Bxf3 19. Qxf3 Nxe5 20. dxe5 Nd5 21. Qe4 g6 22. h4 h5 23. g4 hxg4 24. h5 gxh5 25. Qh7+ Kf8 26. Qh6+ Ke7 27. Qg5+ Kd7 28. Qxh5 g3 29. Qxf7+ Re7 30. Qg6 Rf8 31. Bf5 gxf2+ 32. Rxf2 Kc8 33. Rxd5 Rxf5 34. Rd2 Ref7 35. Rc2+ Kb8 36. Qg8+ Rf8 37. Qg2 Qe3 38. Kh1 Rh8+ 39. Kg1 Rg5 0-1


[Site "https://www.chess.com"]

[Event "Titled Tuesday Blitz July 4 Early 2023"]
[White "Ocelak, Jakub"]
[Black "Pasti, Aron"]
[WhiteFideId "23707933"]
[BlackFideId "785857"]
[WhiteElo "2440"]
[BlackElo "2578"]
[Result "1/2-1/2"]
[Round "5"]
[TimeControl "180+2"]
[Date "2023.07.04"]
[WhiteClock "0:00:06"]
[BlackClock "0:00:04"]
[Board "115"]

1. b3 d5 2. Bb2 c5 3. e3 Nc6 4. Bb5 Nf6 5. Nf3 Bd7 6. O-O e6 7. d3 Be7 8. Nbd2 O-O 9. Qe2 a6 10. Bxc6 Bxc6 11. Ne5 Nd7 12. Nxc6 bxc6 13. e4 d4 14. f4 e5 15. f5 Bg5 16. Nf3 Be3+ 17. Kh1 a5 18. a4 f6 19. g4 c4 20. bxc4 Nc5 21. h4 Rf7 22. Bc1 Bxc1 23. Raxc1 Nxa4 24. g5 Nc3 25. Qg2 Rb7 26. gxf6 Qxf6 27. Qh2 a4 28. Nxe5 a3 29. Ng4 Qd8 30. f6 a2 31. fxg7 h5 32. Nh6+ Kxg7 33. Qe5+ Kxh6 34. Rf6+ Qxf6 35. Qxf6+ Kh7 36. Qf5+ Kh8 37. Qxh5+ Rh7 38. Qe5+ Rg7 39. Rg1 Ra7 40. Qe8+ Kh7 41. Qh5+ Kg8 42. Qe8+ Kh7 43. Qh5+ Kg8 44. Qe8+ Kh7 1/2-1/2


[Site "https://www.chess.com"]

[Event "Titled Tuesday Blitz July 4 Early 2023"]
[White "Arat, Ufuk Sezen"]
[Black "Ai, Evan"]
[WhiteFideId "6309089"]
[BlackFideId "2094770"]
[WhiteElo "2578"]
[BlackElo "2437"]
[Result "0-1"]
[Round "5"]
[TimeControl "180+2"]
[Date "2023.07.04"]
[WhiteClock "0:00:05"]
[BlackClock "0:01:02"]
[Board "116"]

1. e4 e5 2. Nf3 Nc6 3. Bb5 a6 4. Ba4 Nf6 5. O-O Be7 6. c3 O-O 7. Re1 b5 8. Bc2 d5 9. exd5 Nxd5 10. d4 exd4 11. Nxd4 Nxd4 12. cxd4 Bb7 13. Nd2 Bf6 14. Ne4 Re8 15. Qh5 g6 16. Qf3 Bxd4 17. Bg5 f6 18. Rad1 c5 19. Nxf6+ Bxf6 20. Rxe8+ Qxe8 21. Bxf6 Qf7 22. Be5 Qxf3 23. gxf3 Nb4 24. Bb1 Bxf3 25. Re1 Re8 26. a3 Nc6 27. Ba2+ c4 28. Bc3 Rxe1+ 29. Bxe1 Nd4 30. Kf1 Be2+ 31. Kg2 Nf3 32. Bc3 Nh4+ 33. Kg3 Nf5+ 34. Kf4 Kf7 35. Ke5 Nh4 36. Kd5 Nf3 37. h3 Ng5 38. h4 Nf3 39. Kc6 Nxh4 40. Kb6 Nf5 41. Kxa6 Nd6 42. Kb6 h5 43. Be5 Ke6 44. Bxd6 Kxd6 45. Kxb5 c3+ 46. Kb4 c2 0-1


[Site "https://www.chess.com"]

[Event "Titled Tuesday Blitz July 4 Early 2023"]
[White "Ladan, Nicholas"]
[Black "Krstulovic, Alex"]
[WhiteFideId "30918855"]
[BlackFideId "760056"]
[WhiteElo "2437"]
[BlackElo "2577"]
[Result "1-0"]
[Round "5"]
[TimeControl "180+2"]
[Date "2023.07.04"]
[WhiteClock "0:00:15"]
[BlackClock "0:00:12"]
[Board "117"]

1. d4 e6 2. Nf3 c5 3. c3 b6 4. e3 Bb7 5. Bd3 f5 6. Nbd2 Nf6 7. Nc4 Be7 8. a4 O-O 9. O-O Qe8 10. Bd2 d6 11. b4 cxd4 12. cxd4 Nbd7 13. b5 Ne4 14. Bb4 Qg6 15. a5 bxa5 16. Nxa5 Bd5 17. Bc4 Ndf6 18. Bxd5 Nxd5 19. Nc6 Bf6 20. Qb3 f4 21. Nxa7 Ng5 22. Nxg5 Qxg5 23. Bxd6 f3 24. Bg3 h5 25. b6 h4 26. b7 hxg3 27. hxg3 Rab8 28. Nc6 fxg2 29. Kxg2 Bxd4 30. Nxb8 Bxe3 31. fxe3 Rxb8 32. Ra8 Qd8 33. Rxb8 Qxb8 34. Rc1 Kh7 35. Qb1+ g6 36. Rc8 Nxe3+ 37. Kf3 Qe5 38. b8=Q Qd5+ 39. Kxe3 Qg5+ 40. Qf4 1-0


[Site "https://www.chess.com"]

[Event "Titled Tuesday Blitz July 4 Early 2023"]
[White "ArtemDyachuk"]
[Black "Disconzi da Silva, Rodrigo"]
[BlackFideId "2100991"]
[WhiteElo "2574"]
[BlackElo "2437"]
[Result "0-1"]
[Round "5"]
[TimeControl "180+2"]
[Date "2023.07.04"]
[WhiteClock "0:00:03"]
[BlackClock "0:00:44"]
[Board "118"]

1. e4 c5 2. Nf3 e6 3. d4 cxd4 4. Nxd4 Nc6 5. Nc3 d6 6. Qd3 a6 7. Nb3 Nf6 8. Bg5 Be7 9. O-O-O O-O 10. f4 b5 11. Qg3 Bb7 12. Bh6 Nh5 13. Qf3 Nf6 14. Qg3 Nh5 15. Qg4 g6 16. Bxf8 Bxf8 17. e5 Qc7 18. exd6 Bxd6 19. g3 Nb4 20. Rg1 Rc8 21. Kb1 Nxc2 22. Kxc2 b4 23. Bg2 bxc3 24. Qe2 cxb2+ 25. Kb1 Bxg2 26. Qxg2 Ba3 27. Qd2 Ng7 28. g4 a5 29. Nxa5 Bb4 30. Qxb4 Qc2# 0-1


[Site "https://www.chess.com"]

[Event "Titled Tuesday Blitz July 4 Early 2023"]
[White "Przybylski, Wojciech"]
[Black "Zacurdajev, Dmitry"]
[WhiteFideId "1117599"]
[BlackFideId "4196309"]
[WhiteElo "2571"]
[BlackElo "2435"]
[Result "1-0"]
[Round "5"]
[TimeControl "180+2"]
[Date "2023.07.04"]
[WhiteClock "0:00:06"]
[BlackClock "0:00:12"]
[Board "119"]

1. e4 c6 2. d4 d5 3. Nc3 dxe4 4. Nxe4 Nf6 5. Nc3 Bg4 6. Qd3 e6 7. Bf4 Bd6 8. Bxd6 Qxd6 9. h3 Bf5 10. Qd2 Na6 11. a3 Nc7 12. Nge2 O-O-O 13. O-O-O e5 14. Qg5 g6 15. g4 h6 16. Qe3 exd4 17. Rxd4 Ncd5 18. Nxd5 Nxd5 19. Qd2 Be6 20. c4 Qc5 21. b4 Nxb4 22. axb4 Qe5 23. f4 Qf6 24. Qc3 Qe7 25. Bg2 h5 26. g5 Bf5 27. Bf3 Rhe8 28. Rhd1 Rxd4 29. Rxd4 Bxh3 30. c5 Qe6 31. Re4 Qd7 32. Rxe8+ Qxe8 33. Qe5 Be6 34. Nd4 Qd7 35. Nxe6 fxe6 36. Be4 b6 37. Qd6 bxc5 38. Qxd7+ Kxd7 39. bxc5 h4 40. Kd2 e5 41. f5 gxf5 42. Bxf5+ Ke7 43. Be4 Ke6 44. Kc3 a5 45. Kc4 h3 46. Bxc6 Kf5 47. Bh1 Kxg5 48. c6 Kf6 49. c7 a4 50. c8=Q a3 51. Qd8+ 1-0


[Site "https://www.chess.com"]

[Event "Titled Tuesday Blitz July 4 Early 2023"]
[White "Omariev, Maksim"]
[Black "HamedWafa4"]
[WhiteFideId "4193423"]
[WhiteElo "2435"]
[BlackElo "2566"]
[Result "0-1"]
[Round "5"]
[TimeControl "180+2"]
[Date "2023.07.04"]
[WhiteClock "0:00:00"]
[BlackClock "0:00:53"]
[Board "120"]

1. g4 d5 2. Bg2 Bxg4 3. c4 c6 4. cxd5 Nf6 5. Qb3 Qd7 6. Nc3 cxd5 7. Nxd5 Nc6 8. Nxf6+ exf6 9. Nf3 Bd6 10. Qe3+ Be6 11. Nd4 Nxd4 12. Qxd4 O-O 13. d3 Rac8 14. Bd2 Rc2 15. Bc3 Qc7 16. O-O Bxh2+ 17. Kh1 Rxe2 18. Qxa7 b5 19. Qd4 Re5 20. Qb4 Rh5 21. f4 Bxf4+ 22. Kg1 Be3+ 23. Rf2 Rf5 24. Rf1 Qg3 25. Qe4 Rxf2 26. Rxf2 Qxf2+ 0-1


[Site "https://www.chess.com"]

[Event "Titled Tuesday Blitz July 4 Early 2023"]
[White "Herman, Daniel"]
[Black "Materia, Marco"]
[WhiteFideId "30935008"]
[BlackFideId "45150451"]
[WhiteElo "2434"]
[BlackElo "2562"]
[Result "0-1"]
[Round "5"]
[TimeControl "180+2"]
[Date "2023.07.04"]
[WhiteClock "0:00:28"]
[BlackClock "0:02:16"]
[Board "121"]

1. e4 c5 2. Nf3 e6 3. d4 cxd4 4. Nxd4 Nc6 5. Nc3 Qc7 6. Be3 a6 7. Qf3 Ne5 8. Qg3 b5 9. f4 Nc4 10. Bxc4 Qxc4 11. f5 Nf6 12. e5 Nd5 13. Nxd5 Qxd5 14. O-O-O Qxa2 15. Nb3 Bb7 16. fxe6 dxe6 17. Bb6 Rc8 18. Qd3 Bd5 19. Kd2 Qxb2 20. Bd4 Bb4+ 21. Ke3 Qxc2 22. Rc1 Qxd3+ 23. Kxd3 O-O 24. Nc5 Bc4+ 25. Rxc4 bxc4+ 26. Kxc4 Bxc5 27. Bxc5 Rfd8 28. Kb4 a5+ 29. Kb5 Rd5 30. Rc1 Rxe5 0-1


[Site "https://www.chess.com"]

[Event "Titled Tuesday Blitz July 4 Early 2023"]
[White "Pandey Srishti"]
[Black "Aggelis, Nikolaos"]
[WhiteFideId "35093290"]
[BlackFideId "4213220"]
[WhiteElo "2434"]
[BlackElo "2561"]
[Result "1/2-1/2"]
[Round "5"]
[TimeControl "180+2"]
[Date "2023.07.04"]
[WhiteClock "0:00:39"]
[BlackClock "0:00:52"]
[Board "122"]

1. e4 c6 2. Nf3 d5 3. d3 dxe4 4. dxe4 Qxd1+ 5. Kxd1 f6 6. a4 e5 7. c3 Bc5 8. Ke1 a5 9. Nfd2 Be6 10. Bc4 Kf7 11. Ke2 Nd7 12. Bxe6+ Kxe6 13. Nc4 Nb6 14. Nxb6 Bxb6 15. Na3 Ne7 16. Nc4 Bc7 17. Be3 b5 18. Na3 Rhb8 19. axb5 cxb5 20. Nc2 Bd6 21. Rhd1 Nc6 22. Ne1 a4 23. Nd3 Na5 24. Bc5 Bc7 25. Bb4 Nb3 26. Nc5+ Nxc5 27. Bxc5 Rd8 28. f3 Bd6 29. Rd5 Bxc5 30. Rxc5 Rab8 31. Ke3 Rdc8 32. Rd5 b4 33. Rxa4 bxc3 34. Ra6+ Kf7 35. Ra7+ Kg6 36. bxc3 Rxc3+ 37. Kd2 Rcb3 38. Rdd7 Rg8 39. Ke1 Rb2 40. Kf1 Kh6 41. h3 Rc8 42. Kg1 Rg8 43. Kh2 Kg6 44. h4 h5 45. Kh3 Rb3 46. Kg3 Rb2 47. Rac7 Ra2 48. Rb7 Rc2 49. Ra7 Rb2 50. Rac7 Ra2 51. Rb7 Kh6 52. Kh3 Ra3 53. Rf7 Kg6 54. Rfc7 Kh6 55. Rf7 Rc3 56. Kh2 Kg6 57. Rfd7 Rc2 58. Kh3 Rc3 59. Ra7 Rb3 60. Rac7 Ra3 61. Re7 Kh6 62. Rb7 Rc3 63. Rf7 Kg6 64. Ra7 Rc1 65. Kh2 Rcc8 66. Rfd7 Rcd8 67. Re7 Rde8 68. Reb7 Rb8 69. Rd7 Rbd8 70. Rf7 Rdf8 71. Rfb7 Rb8 72. Rd7 Rbd8 1/2-1/2


[Site "https://www.chess.com"]

[Event "Titled Tuesday Blitz July 4 Early 2023"]
[White "Mamedov, Edgar"]
[Black "Gomes, Luiz Alexandre de Souza"]
[WhiteFideId "13739980"]
[BlackFideId "2102790"]
[WhiteElo "2556"]
[BlackElo "2427"]
[Result "1-0"]
[Round "5"]
[TimeControl "180+2"]
[Date "2023.07.04"]
[WhiteClock "0:00:12"]
[BlackClock "0:00:42"]
[Board "123"]

1. d4 Nf6 2. Bg5 e6 3. e4 Be7 4. e5 Nd5 5. Bxe7 Qxe7 6. c4 Qb4+ 7. Nd2 Nb6 8. Qc2 Nc6 9. Nf3 h6 10. Be2 Qe7 11. O-O d6 12. exd6 cxd6 13. Rfe1 O-O 14. d5 exd5 15. cxd5 Ne5 16. Nxe5 Qxe5 17. Bf3 Bf5 18. Rxe5 Bxc2 19. Re7 Rab8 20. Rc1 Bg6 21. Rcc7 Rfc8 22. h4 Rxc7 23. Rxc7 h5 24. Nf1 Rc8 25. Rxb7 Rc1 26. Be2 Rc2 27. Bf3 Rxb2 28. Rxa7 Rb1 29. Be2 Nxd5 30. Ra3 Nf4 31. Ba6 d5 32. g3 Ne6 33. Bd3 Bxd3 34. Rxd3 d4 35. Kg2 Ra1 36. Rd2 f5 37. Nh2 Kf7 38. Nf3 Kf6 39. Nxd4 Nxd4 40. Rxd4 Rxa2 41. Rd6+ Kf7 42. Rd7+ Kf6 43. Rd6+ Kf7 44. Kf3 g6 45. Rc6 Ra4 46. Rc8 Rb4 47. Ke3 Ra4 48. Kf3 Rc4 49. Rxc4 1-0


[Site "https://www.chess.com"]

[Event "Titled Tuesday Blitz July 4 Early 2023"]
[White "Tologon tegin, Semetei"]
[Black "KorolDimitriy75"]
[WhiteFideId "13800574"]
[WhiteElo "2554"]
[BlackElo "2426"]
[Result "1-0"]
[Round "5"]
[TimeControl "180+2"]
[Date "2023.07.04"]
[WhiteClock "0:00:16"]
[BlackClock "0:00:00"]
[Board "124"]

1. b3 c5 2. Bb2 Nc6 3. Nf3 d6 4. e3 e5 5. d4 cxd4 6. exd4 e4 7. Nfd2 d5 8. Be2 Nf6 9. O-O Be6 10. c4 Be7 11. cxd5 Bxd5 12. Nc3 O-O 13. Nxd5 Qxd5 14. Bc4 Qg5 15. Qe2 Rfe8 16. Nxe4 Nxe4 17. Qxe4 Ba3 18. Qc2 Bxb2 19. Qxb2 Qf6 20. Rad1 Rad8 21. Bb5 Re4 22. Bxc6 bxc6 23. Rfe1 Rxe1+ 24. Rxe1 g6 25. Re4 c5 26. g3 Rxd4 27. Re8+ Kg7 28. Qe2 Qd6 29. Qe5+ Qxe5 30. Rxe5 Rd2 31. a4 Rb2 32. Rxc5 Rxb3 33. Rc7 a5 34. Rc5 Ra3 35. Rxa5 h5 36. h4 Kf6 37. Ra6+ Kf5 38. Ra7 f6 39. Kg2 Ra2 40. Kf3 Ra3+ 41. Kg2 Ra2 42. a5 Ra3 43. a6 Ra2 44. Ra8 Ra3 45. Kf1 Ra2 46. Kg1 Ra3 47. Kg2 Ra2 48. Kf3 Ra3+ 49. Ke2 Ra2+ 50. Ke3 Ra3+ 51. Kd4 Ra2 52. f3 Ra3 53. a7 Ra4+ 54. Kc5 Ra1 55. Kb6 Rb1+ 56. Kc7 Rc1+ 57. Kd6 Ra1 58. Ke7 Ra3 59. Kf7 Ra6 60. Kg7 Ra5 61. Kh6 Ra6 62. Rg8 Rxa7 63. Rxg6 Ra3 64. g4+ Ke5 65. Kxh5 Rxf3 66. Rg8 1-0


[Site "https://www.chess.com"]

[Event "Titled Tuesday Blitz July 4 Early 2023"]
[White "Estrada Nieto, Julian"]
[Black "Grossboss19"]
[WhiteFideId "5101018"]
[WhiteElo "2554"]
[BlackElo "2422"]
[Result "1-0"]
[Round "5"]
[TimeControl "180+2"]
[Date "2023.07.04"]
[WhiteClock "0:00:06"]
[BlackClock "0:00:20"]
[Board "125"]

1. e4 e6 2. d4 d5 3. Nd2 Nc6 4. Ngf3 dxe4 5. Nxe4 Be7 6. Bd3 Nf6 7. O-O h6 8. c3 Nxe4 9. Bxe4 O-O 10. Qe2 Bd7 11. Bf4 Bd6 12. Ne5 Bxe5 13. dxe5 Qc8 14. Rad1 Ne7 15. Bc2 Bc6 16. Bg3 Nf5 17. Rd2 Rd8 18. Rfd1 Rxd2 19. Qxd2 Qf8 20. f3 Qc5+ 21. Qf2 Qxf2+ 22. Bxf2 Kf8 23. b4 b6 24. a4 Ke8 25. b5 Bb7 26. Kf1 Rd8 27. Rxd8+ Kxd8 28. Ke2 a6 29. Bd3 axb5 30. axb5 Kd7 31. g4 Ne7 32. c4 Ng6 33. Bg3 c6 34. bxc6+ Bxc6 35. h4 Kc7 36. Ke3 Nf8 37. h5 Nd7 38. f4 Nc5 39. Be2 Ne4 40. Bh4 Nc3 41. Bd3 Kd7 42. f5 Na4 43. f6 gxf6 44. Bxf6 Nb2 45. Be2 Ba4 46. Bg7 Bb3 47. Bxh6 Nxc4+ 48. Kf4 Ke7 49. Bg5+ Kf8 50. h6 b5 51. Bd3 Nb2 52. Be4 Bd5 53. h7 Kg7 54. Bf6+ 1-0


[Site "https://www.chess.com"]

[Event "Titled Tuesday Blitz July 4 Early 2023"]
[White "Romero Ruscalleda, Josep"]
[Black "Sowa, Ryan"]
[WhiteFideId "2231859"]
[BlackFideId "30901693"]
[WhiteElo "2421"]
[BlackElo "2548"]
[Result "0-1"]
[Round "5"]
[TimeControl "180+2"]
[Date "2023.07.04"]
[WhiteClock "0:00:15"]
[BlackClock "0:01:26"]
[Board "126"]

1. e4 b6 2. d4 Bb7 3. Bd3 Nf6 4. Qe2 Nc6 5. c3 e5 6. d5 Ne7 7. Nf3 Ng6 8. O-O c6 9. c4 Bc5 10. Nc3 O-O 11. a3 Re8 12. b4 Bd4 13. Bb2 c5 14. g3 d6 15. b5 Bc8 16. Kg2 Nh5 17. Qd2 Bg4 18. Nxd4 exd4 19. Ne2 Qd7 20. Ng1 f5 21. exf5 Bxf5 22. f4 Bxd3 23. Qxd3 Qg4 24. Qf3 Nhxf4+ 25. Kh1 Qxf3+ 26. Rxf3 Ne2 27. Raf1 Nxg1 28. Kxg1 Ne5 29. Rf5 Nxc4 30. Bc1 Rf8 31. Bg5 Rxf5 32. Rxf5 Rf8 0-1


[Site "https://www.chess.com"]

[Event "Titled Tuesday Blitz July 4 Early 2023"]
[White "Rios Escobar, Adan"]
[Black "Thecourseoisildur"]
[WhiteFideId "3403645"]
[WhiteElo "2413"]
[BlackElo "2546"]
[Result "0-1"]
[Round "5"]
[TimeControl "180+2"]
[Date "2023.07.04"]
[WhiteClock "0:00:00"]
[BlackClock "0:01:25"]
[Board "127"]

1. d4 Nf6 2. g3 d5 3. Nf3 g6 4. c4 dxc4 5. Bg2 Bg7 6. O-O O-O 7. Na3 c3 8. bxc3 c5 9. Bb2 Nc6 10. Re1 Qb6 11. Nc4 Qb5 12. Qb3 Qa6 13. e4 Be6 14. d5 Nxd5 15. exd5 Bxd5 16. Nfd2 Bxg2 17. Kxg2 b5 18. Ne3 Rfd8 19. c4 Qb7 20. Bxg7 Nd4+ 21. Kg1 Nxb3 22. Nxb3 Kxg7 23. Nxc5 Qc6 24. Nb3 bxc4 25. Rac1 Rac8 26. Rxc4 Qxc4 27. Nxc4 Rxc4 28. Rxe7 Ra4 29. Nc5 Rxa2 30. Kg2 Rdd2 31. Ne4 Re2 32. Kf3 Re1 33. h4 Ra3+ 34. Kf4 Ra4 35. Kf3 Kf8 36. Re5 f5 37. Nc5 Rxe5 38. Nd7+ Ke7 39. Nxe5 Kd6 40. Nf7+ Kd5 41. Ng5 Ra3+ 42. Kf4 a5 43. Nxh7 a4 44. Nf8 Rb3 45. Nxg6 a3 46. Ne7+ Kc5 0-1


[Site "https://www.chess.com"]